 Dungeon Crawl Stone Soup version 0.31-a0-879-g1609e0ac53 (webtiles) character file.

Game seed: 15139630586887415184

234 ketsa the Cudgeller (level 6, -1/39 HPs)
             Began as a Gargoyle Monk on Oct 14, 2023.
             Slain by a gnoll
             ... wielding a +0 spear
              (8 damage)
             ... on level 4 of the Dungeon.
             The game lasted 00:08:31 (2698 turns).

ketsa the Cudgeller (Gargoyle Monk)                 Turns: 2698, Time: 00:08:31

Health: -1/39      AC: 11    Str: 18    XL:     6   Next: 5%
Magic:  6/6        EV: 11    Int: 14    God:
Gold:   212        SH:  0    Dex: 12    Spells: 5/5 levels left

rFire   . . .        n - +4 whip of Plog {venom, Fragile Str+2 Int+3}
rCold   . . .        d - orb {light}
rNeg    + . .        s - +0 ring mail "Zadobloc" {+Inv}
rPois   ∞            (no helmet)
rElec   +            j - +0 cloak
rCorr   .            (no gloves)
SInv    .            (no boots)
Will    .....        (no amulet)
Stlth   +            (no ring)
HPRegen 0.26/turn    (no ring)
MPRegen 0.10/turn

%: no passive effects
@: glowing
A: sickness immunity, AC +4, negative energy resistance 1, electricity
resistance, torment resistance 1, petrification resistance
a: Evoke Invisibility


You were on level 4 of the Dungeon.
You visited 1 branch of the dungeon, and saw 4 of its levels.

You collected 212 gold pieces.

Inventory:

Hand Weapons
 a - a +0 mace
 n - the +4 whip of Plog (weapon) {venom, Fragile Str+2 Int+3}
   (You found it on level 2 of the Dungeon)

   Str+2:     It affects your strength (+2).
   Int+3:     It affects your intelligence (+3).
   Fragile:   It will be destroyed if unequipped.
 u - the +11 sling of Karma {flame, Str+2}
   (You found it on level 3 of the Dungeon)

   Str+2:     It affects your strength (+2).
Armour
 b - a +0 robe
 d - an orb of light (worn)
 e - a +0 ring mail
 j - a +0 cloak (worn)
 r - a +0 scale mail
 s - the +0 ring mail "Zadobloc" (worn) {+Inv}
   (You found it on level 3 of the Dungeon)

   +Inv:      It lets you turn invisible.
Talismans
 h - a beast talisman
Scrolls
 f - 4 scrolls of identify {unknown}
 i - 2 scrolls of amnesia {unknown}
 k - 3 scrolls of noise {unknown}
 l - a scroll of blinking {unknown}
 m - 4 scrolls of fear {unknown}
 q - a scroll of immolation {unknown}
 t - a scroll of poison {unknown}
Potions
 c - a potion of ambrosia
 g - a potion of attraction {unknown}
 o - 2 potions of might {unknown}
 p - 2 potions of curing {unknown}


   Skills:
 + Level 4.5 Fighting
 * Level 5.1 Maces & Flails
 + Level 2.8 Armour
 - Level 2.4 Dodging


You had 5 spell levels left.
You didn't know any spells.
Your spell library contained the following spells:

 Spells                   Type           Power      Damage    Failure   Level
 Slow                     Hex            0%         N/A       45%         1
 Call Canine Familiar     Summ           0%         N/A       83%         3
 Confusing Touch          Hex            0%         N/A       83%         3
 Sigil of Binding         Hex            0%         N/A       83%         3
 Vampiric Draining        Necr           0%         2d6       83%         3
 Dimensional Bullseye     Hex/Tloc       0%         N/A       99%         4
 Leda's Liquefaction      Hex/Erth       0%         N/A       99%         4


Dungeon Overview and Level Annotations

Branches:
Dungeon (4/15)
 Temple: D:4-7

Altars:

Shops:
D:1 ?


Innate Abilities, Weirdness & Mutations

You are immune to sickness and miasma.
Your stone body is resilient. (AC +4)
You are immune to poison.
You resist negative energy. (rN+)
You are resistant to electric shocks. (rElec)
You are resistant to unholy torment.
You are immune to petrification.


Message History

You whack the gnoll!
You kill the gnoll!
The gnoll hits you from afar with a +2 halberd of protection.
The gnoll hits you from afar with a +0 spear.
You have reached level 6!
The gnoll hits you but does no damage. The gnoll closely misses you.
There is an open door here.
You see here a +0 whip.
You hit the gnoll.
The gnoll is lightly wounded.
The gnoll misses you. The gnoll closely misses you.
You barely miss the gnoll.
The gnoll is lightly wounded.
You hit the gnoll.
The gnoll is poisoned.
The gnoll is moderately wounded.
The gnoll hits you with a +2 halberd of protection.
The gnoll closely misses you.
You barely miss the gnoll.
The gnoll is heavily wounded.
The gnoll closely misses you. The gnoll hits you with a +0 spear.
You barely miss the gnoll. The gnoll hits you but does no damage.
The gnoll closely misses you.
You hit the gnoll.
The gnoll is poisoned.
The gnoll is moderately wounded.
The gnoll hits you with a +2 halberd of protection!
The gnoll hits you but does no damage.
You hit the gnoll but do no damage.
The gnoll is severely wounded.
The gnoll closely misses you. The gnoll hits you but does no damage.
You hit the gnoll but do no damage.
The gnoll looks as sick as possible!
The gnoll is severely wounded.
You hit the gnoll.
The gnoll looks as sick as possible!
The gnoll is almost dead.
You kill the gnoll!
The gnoll hits you with a +0 spear.
* * * LOW HITPOINT WARNING * * *
You hit the gnoll.
The gnoll is heavily wounded.
The gnoll hits you with a +0 spear!
You die...

####
...##################
...#.....# .........#
...'.....# .......#
...#.##..######g)...#
#+##.##..##..###@#######
#.......................
#.......................
'.......................
#............##.....##..
##...##......####...# .
##...##....... ...8#
....#$.......# ...##
#........# ...#


You could see a gnoll (very poisoned).

Vanquished Creatures
  An ogre (D:4)
  A hound (D:4)
  2 gnolls (D:4)
  3 adders
  A worm (D:3)
  3 dart slugs
  9 ball pythons
  3 endoplasms
  4 giant cockroaches
  11 goblins
  10 hobgoblins
  4 quokkas
  6 bats
  A frilled lizard (D:1)
  3 kobolds
  5 rats
67 creatures vanquished.

Notes
Turn   | Place    | Note
-------+----------+-------------------------------------------
     0 | D:1      | ketsa the Gargoyle Monk began the quest for the Orb.
     0 | D:1      | Reached XP level 1. HP: 14/14 MP: 1/1
    95 | D:1      | Reached XP level 2. HP: 14/19 MP: 2/2
   422 | D:1      | Reached skill level 1 in Armour
   495 | D:1      | Found Nuxamesm's Magic Scroll Boutique.
   517 | D:1      | Reached XP level 3. HP: 22/23 MP: 3/3
   693 | D:2      | Identified the +4 whip of Plog {venom, Fragile Str+2 Int+3}
  1038 | D:2      | Reached skill level 4 in Maces & Flails
  1038 | D:2      | Reached XP level 4. HP: 29/29 MP: 4/4
  1443 | D:3      | Identified the +0 ring mail "Zadobloc" {+Inv}
  1945 | D:3      | Identified the +11 sling of Karma {flame, Str+2}
  2267 | D:4      | Noticed an ogre
  2421 | D:4      | Killed an ogre
  2422 | D:4      | Reached XP level 5. HP: 20/34 MP: 5/5
  2622 | D:4      | Reached skill level 5 in Maces & Flails
  2688 | D:4      | Reached XP level 6. HP: 26/39 MP: 6/6
  2698 | D:4      | Slain by a gnoll

Illustrated notes

Levels and vault maps discovered:
D:1:      sevenhm_arrival_forest_fort_small_5, layout_basic, serial_shops,
          shop_scrolls
D:2:      layout_loops_cross
D:3:      cheibrodos_greedy_goblins, layout_basic, interstate_on_off,
          chequers_serial_rivers_marsh
D:4:      layout_gridville, moated_statue, nicolae_shop_i_like_small_books_too,
          corexii_hall_statues_x, kennysheep_generic_room_7

Skill      XL: |  1  2  3  4  5 |
---------------+----------------+-----
Armour         | 1 2 |  2.8
Maces & Flails | 4 5 |  5.1
Fighting       | 4 |  4.5
Dodging        | |  2.4

Action                     |  1- 3 |  4- 6 || total
---------------------------+-------+-------++-------
  Melee: Mace              |    46 |       ||    46
         Whip              |    24 |    69 ||    93
 Armour: Robe              |    37 |     1 ||    38
         Ring mail         |       |    35 ||    35
  Dodge: Dodged            |    43 |    34 ||    77

Table legend: (Time is in decaauts)
 A = Elapsed time spent in this place.
 B = Non-inter-level travel time spent in this place.
 C = Inter-level travel time spent in this place.
 D = Time resting spent in this place.
 E = Time spent auto-exploring this place.
 F = Levels seen in this place.
 G = Mean time per level.
                   A        B        C        D        E       F      G
               +--------+--------+--------+--------+--------+-----+--------+
         Total |   2702 |   2613 |     89 |    206 |   1541 |   4 |  675.5 |
       Dungeon |   2702 |   2613 |     89 |    206 |   1541 |   4 |  675.5 |
               +--------+--------+--------+--------+--------+-----+--------+

Top non-repeatable levels by time:
     D:3: 1004 daAuts
     D:1: 660 daAuts
     D:2: 594 daAuts
     D:4: 442 daAuts
